 Dungeon Crawl Stone Soup version 0.21.0-24-g2553a33 (webtiles) character file.

52 Miyamura the Insei (level 3, 0/29 HPs)
             Began as a Draconian Transmuter on Jan 19, 2018.
             Slain by a centaur (3 damage)
             ... on level 2 of the Dungeon.
             The game lasted 00:11:35 (2009 turns).

Miyamura the Insei (Draconian Transmuter)           Turns: 2009, Time: 00:11:36

Health: 0/29       AC:  7    Str: 17    XL:     3   Next: 60%
Magic:  1/6        EV: 18    Int: 18    God:
Gold:   63         SH:  0    Dex: 17    Spells: 3/6 levels left

rFire    . . .     SeeInvis .     - Unarmed
rCold    . . .     Gourm    .   (no shield)
rNeg     . . .     Faith    .   (armour unavailable)
rPois    .         Spirit   .   (helmet restricted)
rElec    .         Reflect  .   g - +0 cloak
rCorr    .         Harm     .   l - +0 pair of gloves
MR       .....                  (no boots)
Stlth    +++.......             (no amulet)
HPRegen  0.09/turn              (no ring)
MPRegen  0.10/turn              (no ring)

@: mighty, brilliant, agile, flying, very slightly contaminated
A: unfitting armour, cold-blooded, AC +5
a: no special abilities


You were on level 2 of the Dungeon.
You were not hungry.

You visited 1 branch of the dungeon, and saw 3 of its levels.

You collected 63 gold pieces.

Inventory:

Hand Weapons
 k - a +0 dagger of holy wrath
Missiles
 a - 9 arrows
 f - 58 stones (quivered)
 p - 6 needles of sleeping
Armour
 g - a +0 cloak (worn)
 l - a +0 pair of gloves (worn)
Scrolls
 d - a scroll of enchant armour {unknown}
 h - a scroll of remove curse {unknown}
 j - a scroll of amnesia {unknown}
 o - 2 scrolls of identify {unknown}
 q - 2 scrolls of magic mapping {unknown}
 u - a scroll of blinking {unknown}
Potions
 r - a potion of heal wounds {unknown}
 t - a potion of curing {unknown}
Books
 b - a book of Changes

   Spells                             Type                      Level
   a - Beastly Appendage              Transmutation                1
   b - Sticks to Snakes               Transmutation                2
   c - Spider Form                    Transmutation/Poison         3
   d - Ice Form                       Ice/Transmutation            4
   e - Blade Hands                    Transmutation                5
Comestibles
 c - 4 rations
 s - a chunk of flesh


   Skills:
 + Level 1.6 Fighting
 + Level 2.1 Dodging
 + Level 1.1 Stealth
 + Level 3.3 Unarmed Combat
 + Level 2.3 Spellcasting
 + Level 2.4 Transmutations


You had 3 spell levels left.
You knew the following spells:

 Your Spells              Type           Power        Failure   Level  Hunger
a - Beastly Appendage     Tmut           ###...       1%          1    #......
t - Sticks to Snakes      Tmut           ###.....     1%          2    ##.....


Dungeon Overview and Level Annotations

Branches:
Dungeon (3/15)

Altars:

Annotations:
D:1 exclusion: downstairs
D:3 Mgcat's ghost, amateur DsFi


Innate Abilities, Weirdness & Mutations

Your plain brown scales are hard. (AC +5)
You cannot fit into any form of body armour.
You are cold-blooded and may be slowed by cold attacks.


Message History

The goblin hits you with a dagger.
It was a potion of agility.
You feel agile all of a sudden.
Your ball python bites the centaur but does no damage.
The centaur barely misses you. The goblin closely misses you.
Your ball python completely misses the centaur.
It was a potion of flight.
You feel very buoyant.
You fly up into the air.
The centaur completely misses you. The centaur hits you!
The goblin completely misses you.
Your ball python bites the centaur but does no damage.
It was a potion of brilliance.
You feel clever all of a sudden. The centaur closely misses you.
Your ball python bites the centaur but does no damage.
The goblin misses you.
It was a potion of might.
You feel very mighty all of a sudden. The centaur hits you.
You die...

.. .. ### # #. #.# #.# #
.[ #.# #.### #? ##'##
#.... #.(#. ##..(## #####
##..#S####.....## ##
#...#c@S#.......## ##.
###....g#..........####..
..................')....
.#...#.#..........####..
#.....#.#.......## ##. #
#.......##.....## #.
#.##.##.#####...## #.
#.......# ##'## #.
####.#### #.# #.


You could see a centaur, a goblin and 2 friendly ball pythons.

Vanquished Creatures
  An adder (D:3)
  2 dart slugs (D:2)
  A leopard gecko (D:1)
  An orc (D:3)
  A giant cockroach (D:1)
  5 goblins
  5 hobgoblins
  3 jackals
  3 bats (D:1)
  3 frilled lizards (D:1)
  7 kobolds
  6 rats (D:1)
38 creatures vanquished.

Notes
Turn   | Place    | Note
-------+----------+-------------------------------------------
     0 | D:1      | Miyamura the Draconian Transmuter began the quest for the Orb.
     0 | D:1      | Reached XP level 1. HP: 16/16 MP: 3/3
   152 | D:1      | Reached XP level 2. HP: 19/23 MP: 3/5
   636 | D:1      | Learned a level 2 spell: Sticks to Snakes
   843 | D:2      | Noticed a centaur
   885 | D:2      | Noticed a howler monkey
  1026 | D:2      | Reached XP level 3. HP: 28/28 MP: 6/6
  1104 | D:3      | Reached skill level 1 in Stealth
  1180 | D:3      | Noticed Mgcat's ghost (amateur DsFi)
  2009 | D:2      | Slain by a centaur

Skill      XL: |  1  2  3 |
---------------+----------+-----
Dodging        | 2 |  2.1
Stealth        | 1 |  1.1
Fighting       | |  1.6
Unarmed Combat | |  3.3
Spellcasting   | |  2.3
Transmutations | |  2.4

Action                   || total
-------------------------++-------
Melee: Unarmed           ||   129
       Tailslap          ||    11
       Kick              ||     2
       Headbutt          ||     3
 Cast: Beastly Appendage ||     5
       Sticks to Snakes  ||     4
  Use: Potion            ||     4
  Eat: Chunk             ||     4
Armor: Skin              ||    45
Dodge: Dodged            ||    76
